 Dungeon Crawl Stone Soup version 0.19.1 (webtiles) character file.

480 hal2100 the Cudgeler (level 6, -2/48 HPs)
             Began as a Demonspawn Chaos Knight on Dec 11, 2016.
             Killed from afar by an orc wizard (3 damage)
             ... with a magic dart
             ... on level 4 of the Dungeon.
             The game lasted 00:19:06 (2157 turns).

hal2100 the Cudgeler (Demonspawn Chaos Knight)      Turns: 2157, Time: 00:19:07

Health: -2/48      AC:  8    Str: 14    XL:     6   Next: 86%
Magic:  6/6        EV: 12    Int: 13    God:    Xom [......]
Gold:   137        SH:  0    Dex: 13    Spells: 0 memorised, 5 levels left

rFire  . . .     SeeInvis .     a - +0 mace (chaos)
rCold  . . .     Gourm    .     b - +2 leather armour
rNeg   . . .     Faith    .     (no shield)
rPois  .         Spirit   .     (no helmet)
rElec  .         Reflect  .     (no cloak)
rCorr  .         Harm     .     (no gloves)
MR     .....                    (no boots)
Stlth  +.........               (no amulet)
                                (no ring)
                                (no ring)

@: no status effects
A: hooves 1, yellow scales 2, demonic guardian 1, powered by pain 1
a: Renounce Religion


You were on level 4 of the Dungeon.
You worshipped Xom.
You were a very special plaything of Xom.
You were not hungry.

You visited 1 branch of the dungeon, and saw 4 of its levels.

You collected 137 gold pieces.

Inventory:

Hand Weapons
 a - a +0 mace of chaos (weapon)
 l - a +1 scythe of slicing
Missiles
 n - 79 stones (quivered)
Armour
 b - a +2 leather armour (worn)
Jewellery
 h - an uncursed amulet of harm {unknown}
 q - an uncursed ring of protection from cold
Wands
 f - a wand of flame (8/48)
Scrolls
 e - 2 scrolls of remove curse
 i - 3 scrolls of identify
 j - a scroll of random uselessness
 k - 2 scrolls of enchant weapon {unknown}
 o - 2 scrolls of teleportation
Potions
 g - a potion of haste {unknown}
 m - a potion of might {unknown}
 p - a potion of resistance {unknown}
Comestibles
 c - 3 bread rations
 d - 3 meat rations


   Skills:
 + Level 4.2 Fighting
 + Level 5.1 Maces & Flails
 + Level 3.1 Armour
 + Level 2.6 Dodging
 + Level 1.4 Stealth


You had 5 spell levels left.
You didn't know any spells.

Dungeon Overview and Level Annotations

Branches:
Dungeon (4/15)
 Temple: D:4-7

Altars:
Makhleb
Okawaru
Sif Muna
Xom


Innate Abilities, Weirdness & Mutations

You are mostly covered in yellow scales. (AC +3)
A weak demonic guardian rushes to your aid.
You sometimes gain a little power by taking damage.
You have large cloven feet.


Message History

The orc wizard hits you but does no damage.
The orc shouts!
You hit the orc wizard but do no damage.
Your kick misses the orc wizard.
The orc wizard hits you but does no damage.
You sock the orc wizard!
The orc wizard's magic leaks into the air.
Your kick misses the orc wizard.
The orc wizard is heavily wounded.
The orc wizard hits you with a dagger.
You barely miss the orc wizard.
You kick the orc wizard, but do no damage.
The orc wizard is heavily wounded.
The orc wizard falters for a moment.
The orc zaps a wand.
The bolt of lightning hits you! The orc wizard hits you with a dagger.
The orc zaps a wand.
The bolt of lightning hits you!
* * * LOW HITPOINT WARNING * * *
The orc wizard casts a spell at you. The magic dart hits you!
You die...

###.##..............
#..###....#........
##..# ##...#........
#..## ######.......
##..# ....... #
####...## .....##
.######.......##
.....#
..##....#####..###
#....#### ##..@## ..
###. ......###
###.o## ..##...
........## ##oo###
....... .........#
##...# .......
.........# #.....#
....... .....#####
#....#............
.#####
#......#...%.......
.#
#........#(.........
##
#.........##.........


You could see an orc wizard and 2 orcs.

Vanquished Creatures
  The ghost of schauveau the Chopper, an amateur MiBe of Trog (D:3)
  An ogre (D:3)
  2 bullfrog skeletons (D:4)
  2 adders
  2 oozes
  A worm (D:2)
  A dart slug (D:2)
  A leopard gecko (D:3)
  4 orcs (D:3)
  5 giant cockroaches
  9 goblins
  5 hobgoblins
  5 jackals (D:1)
  A ball python (D:2)
  7 bats
  5 frilled lizards
  2 kobolds
  6 rats
60 creatures vanquished.

Vanquished Creatures (collateral kills)
  Sigmund (D:2)
  A phantom (D:4)
  2 giant cockroaches
  2 goblins (D:3)
  A hobgoblin (D:3)
  A bat (D:3)
  A frilled lizard (D:3)
  A rat (D:3)
10 creatures vanquished.

Grand Total: 70 creatures vanquished

Notes
Turn   | Place    | Note
-------+----------+-------------------------------------------
     0 | D:1      | hal2100 the Demonspawn Chaos Knight began the quest for the Orb.
     0 | D:1      | Reached XP level 1. HP: 18/18 MP: 1/1
    71 | D:1      | XOM: harmless Summ miscast
    80 | D:1      | XOM: divination: detect items
   104 | D:1      | XOM: potion effect (brilliance)
   109 | D:1      | Reached skill level 3 in Maces & Flails
   109 | D:1      | Gained mutation: You are partially covered in yellow scales. (AC +2) [demonic ancestry]
   109 | D:1      | Reached XP level 2. HP: 10/24 MP: 2/2
   389 | D:1      | XOM: swap monsters
   453 | D:1      | Gained mutation: A weak demonic guardian rushes to your aid. [demonic ancestry]
   453 | D:1      | Reached XP level 3. HP: 25/29 MP: 3/3
   488 | D:1      | XOM: scenery: create altars
   545 | D:2      | Found an iron altar of Okawaru.
   552 | D:2      | XOM: silly message
   691 | D:2      | Found a burning altar of Makhleb.
   708 | D:2      | Noticed Sigmund
   715 | D:2      | Killed Sigmund
   715 | D:2      | Reached skill level 4 in Maces & Flails
   715 | D:2      | Reached skill level 1 in Dodging
   715 | D:2      | Reached XP level 4. HP: 35/37 MP: 4/4
   715 | D:2      | Gained mutation: You are mostly covered in yellow scales. (AC +3) [demonic ancestry]
   715 | D:2      | Reached XP level 5. HP: 40/42 MP: 5/5
   802 | D:2      | XOM: god gift: 26 stones
  1032 | D:3      | Noticed schauveau's ghost (amateur MiBe)
  1041 | D:3      | XOM: enchant monster (good)
  1139 | D:3      | XOM: stat loss: -1 Str (12/13)
  1241 | D:3      | XOM: swap monsters
  1241 | D:3      | XOM: smoke on damage
  1242 | D:3      | XOM: give mutation
  1242 | D:3      | Gained mutation: You have large cloven feet. [Xom's mischief]
  1243 | D:3      | HP: 2/42 [schauveau's ghost (12)]
  1261 | D:3      | Killed schauveau's ghost
  1261 | D:3      | Reached skill level 1 in Stealth
  1261 | D:3      | Gained mutation: You sometimes gain a little power by taking damage. [demonic ancestry]
  1261 | D:3      | Reached XP level 6. HP: 6/48 MP: 6/6
  1440 | D:3      | XOM: mild Necr miscast
  1598 | D:3      | Found a deep blue altar of Sif Muna.
  1604 | D:3      | XOM: 1-stop teleportation journey
  1761 | D:3      | XOM: enchant monster (good)
  1787 | D:3      | XOM: repel stairs
  1909 | D:4      | Reached skill level 5 in Maces & Flails
  2084 | D:4      | XOM: polymorph quasit -> crimson imp
  2086 | D:4      | XOM: harmless Conj miscast
  2096 | D:4      | XOM: enchant monster (bad)
  2157 | D:4      | HP: 1/48 [orc/wand of lightning (20)]
  2157 | D:4      | Killed from afar by an orc wizard

Skill      XL: |  1  2  3  4  5  6 |
---------------+-------------------+-----
Maces & Flails | 3 4 5 |  5.1
Armour         | 2 3 |  3.1
Fighting       | 4 |  4.2
Dodging        | 1 2 |  2.6
Stealth        | 1 |  1.4

Action                   |  1- 3 |  4- 6 || total
-------------------------+-------+-------++-------
Melee: Mace              |   103 |   124 ||   227
       Kick              |       |    15 ||    15
Throw: Stone             |       |     2 ||     2
Evoke: Wand              |     6 |       ||     6
  Use: Scroll            |     2 |     3 ||     5
       Potion            |     1 |       ||     1
  Eat: Chunk             |       |     3 ||     3
       Pizza             |       |     1 ||     1
Armor: Leather armour    |    54 |    54 ||   108
Dodge: Dodged            |    80 |    91 ||   171
